 Dungeon Crawl Stone Soup version 0.28.0-53-g5a82cb258f (webtiles) character file.

Game seed: 7950967090982525715

802 jjjjhere the Cutter (level 7, -6/51 HPs)
             Began as a Demonspawn Arcane Marksman on Oct 29, 2022.
             Was a Follower of Sif Muna.
             Mangled by a manticore (9 damage)
             ... on level 6 of the Dungeon.
             The game lasted 00:08:48 (7512 turns).

jjjjhere the Cutter (Demonspawn Arcane Marksman)    Turns: 7512, Time: 00:08:49

Health: -6/51      AC: 10    Str: 13    XL:     7   Next: 59%
Magic:  5/10       EV: 12    Int: 14    God:    Sif Muna [*.....]
Gold:   218        SH:  0    Dex: 13    Spells: 6/10 levels left

rFire   + + .      SeeInvis +   k - +0 dagger (drain)
rCold   . . .      Faith    .   (no shield)
rNeg    . . .      Spirit   .   t - +1 robe of the Evening Star {rF++ rCorr SInv}
rPois   .          Reflect  .   (no helmet)
rElec   .          Harm     .   (no cloak)
rCorr   +          Rampage  .   (no gloves)
Will    .....                   (no boots)
Stlth   ++++......              (no amulet)
HPRegen 0.17/turn               o - +4 ring of protection
MPRegen 0.12/turn               m - ring of Shadows {Umbra +Inv Stlth+}

@: mighty, attractive, flying, wreathed by umbra
A: slimy green scales 2, demonic magic 1
a: Renounce Religion, Evoke Invisibility, Channel Magic


You were on level 6 of the Dungeon.
You worshipped Sif Muna.
Sif Muna was aware of your devotion.
You visited 1 branch of the dungeon, and saw 6 of its levels.

You collected 218 gold pieces.

Inventory:

Hand Weapons
 c - a +0 whip
 d - a +0 dagger
 k - a +0 dagger of draining (weapon)
Missiles
 l - 4 javelins (quivered)
 v - a throwing net
Armour
 a - a +0 robe
 j - a +0 chain mail
 t - the +1 robe of the Evening Star (worn) {rF++ rCorr SInv}
   (You found it on level 4 of the Dungeon)

   rF:        It greatly protects you from fire.
   SInv:      It lets you see invisible.
   rCorr:     It protects you from acid and corrosion.
Jewellery
 e - a ring of see invisible
 m - the ring of Shadows (right hand) {Umbra +Inv Stlth+}
   (You found it on level 2 of the Dungeon)

   [ring of stealth]

   It surrounds you with an aura of shadow, increasing your stealth and reducing
   the accuracy of all others within it.
   +Inv:      It lets you turn invisible.
   Stlth:     It makes you more stealthy.
 o - a +4 ring of protection (left hand)
Wands
 C - a wand of mindburst (11)
Scrolls
 f - 4 scrolls of identify {unknown}
 h - 3 scrolls of teleportation {unknown}
 i - 2 scrolls of vulnerability {unknown}
 n - a scroll of brand weapon {unknown}
 q - a scroll of enchant armour {unknown}
 r - a scroll of enchant weapon {unknown}
 w - 3 scrolls of noise {unknown}
 y - a scroll of fear {unknown}
 D - a scroll of magic mapping {unknown}
Potions
 b - a potion of curing
 g - a potion of magic {unknown}
 s - a potion of might
 x - a potion of ambrosia {unknown}
 z - a potion of cancellation {unknown}
 A - a potion of mutation {unknown}
 B - a potion of degeneration {unknown}


   Skills:
 - Level 2.6 Fighting
 - Level 4.0 Short Blades
 - Level 2.4 Maces & Flails
 - Level 1.8 Throwing
 - Level 1.8 Dodging
 + Level 2.0 Stealth
 + Level 2.4 Spellcasting
 - Level 3.0 Hexes
 - Level 4.0 Fire Magic


You had 6 spell levels left.
You knew the following spells:

 Your Spells              Type           Power      Damage    Failure   Level
a - Slow                  Hex            40%        N/A       7%          1
b - Scorch                Fire           24%        2d6       7%          2
c - Animate Skeleton      Necr           2%         N/A       22%         1

Your spell library contained the following spells:

 Spells                   Type           Power      Damage    Failure   Level
 Inner Flame              Hex/Fire       11%        N/A       16%         3
 Apportation              Tloc           2%         N/A       22%         1
 Summon Small Mammal      Summ           4%         N/A       22%         1
 Portal Projectile        Hex/Tloc       10%        N/A       36%         3
 Summon Guardian Golem    Hex/Summ       5%         N/A       36%         3
 Cause Fear               Hex            5%         N/A       54%         4
 Call Canine Familiar     Summ           1%         N/A       56%         3
 Flame Wave               Conj/Fire      7%         2d5       69%         4
 Blade Hands              Tmut           0%         N/A       99%         5
 Excruciating Wounds      Necr           0%         N/A       99%         5
 Summon Forest            Summ/Tloc      0%         N/A       99%         5
 Eringya's Noxious Bog    Tmut/Pois      0%         N/A       100%        6
 Summon Cactus Giant      Summ           0%         N/A       100%        6
 Summon Hydra             Summ           0%         N/A       100%        7


Dungeon Overview and Level Annotations

Branches:
Dungeon (6/15)
 Temple: D:4-7

Altars:
Qazlal
Sif Muna
Vehumet

Annotations:
D:3 2 transporters, Darkkill's ghost, amateur VSCj
D:4 exclusion: door
D:6 2 transporters, SanguineChosen's ghost, amateur GrFi


Innate Abilities, Weirdness & Mutations

You are mostly covered in slimy green scales. (AC +3)
Spells you cast may paralyse adjacent enemies.


Message History

The manticore closely misses you.
Aiming: Mindburst
Press: ? - help, Shift-Dir - straight line, f/p - manticore
Aim: a manticore (heavily wounded, umbra, chance to affect: 47%)
The manticore resists with some effort.
The manticore bites you.
The manticore claws you but does no damage.
The manticore barely misses you.
Casting: Scorch (safe; 7% risk of failure)
Confirm with . or Enter, or press ? or * to list all spells.
Flames lash the manticore.
The manticore is severely wounded.
The manticore's fire resistance burns away.
Malevolent energies surge around you. The manticore bites you!
* * * LOW HITPOINT WARNING * * *
The manticore claws you.
* * * LOW HITPOINT WARNING * * *
The manticore claws you.
* * * LOW HITPOINT WARNING * * *
Aiming: Mindburst
Press: ? - help, Shift-Dir - straight line, f/p - manticore
Aim: a manticore (severely wounded, more vulnerable to fire, umbra, chance to affect: 47%)
The manticore resists with some effort.
The manticore closely misses you. x3
It was a potion of curing.
You feel better. The manticore closely misses you.
The manticore barely misses you. The manticore claws you!
* * * LOW HITPOINT WARNING * * *
It was a potion of might.
You feel very mighty all of a sudden.
The manticore is no longer more vulnerable to fire.
The manticore closely misses you. x2; The manticore claws you.
* * * LOW HITPOINT WARNING * * *
It was a potion of attraction.
You feel attractive to monsters. The manticore misses you.
The manticore barely misses you. x2
It was a potion of flight.
You feel very buoyant.
You fly up into the air.
You carefully extract the barbed spikes from your body.
The manticore completely misses you. The manticore barely misses you.
The manticore claws you!
You die...

... .# .. .# ....#
#...# ##.#.##
#.....# #.#H#.#
#..@..# #.#.#.#
#.....#
.......####..#
...... #.## .
#..... #.# #.#
#...#.## #.# .#.#.
#...#..# #.#
.....##...##.###.#


You could see a manticore.

Vanquished Creatures
  2 sky beasts (D:4)
  A phantom (D:5)
  A scorpion (D:5)
  A water moccasin skeleton (D:4)
  A centaur zombie (D:4)
  A hound (D:5)
  A jelly (D:4)
  2 bullfrog skeletons (D:5)
  Jessica (D:2)
  3 iguanas
  3 gnolls (D:4)
  7 adders
  3 worms (D:2)
  3 dart slugs
  7 orcs
  7 endoplasms
  2 giant cockroaches
  7 hobgoblins
  6 jackals
  6 quokkas
  7 ball pythons
  2 bats (D:1)
  A frilled lizard (D:1)
  7 goblins
  9 kobolds
  4 rats
95 creatures vanquished.

Notes
Turn   | Place    | Note
-------+----------+-------------------------------------------
     0 | D:1      | jjjjhere the Demonspawn Arcane Marksman began the quest for
                  | the Orb.
     0 | D:1      | Reached XP level 1. HP: 15/15 MP: 2/2
    53 | D:1      | HP: 4/15 [jackal (1)]
   313 | D:1      | HP: 5/16 [rat (2)]
   554 | D:1      | Gained mutation: You are partially covered in slimy green
                  | scales. (AC +2) [demonic ancestry]
   554 | D:1      | Reached XP level 2. HP: 22/22 MP: 3/3
   616 | D:1      | HP: 7/22 [ball python (2)]
   895 | D:1      | HP: 6/23 [quokka (2)]
   898 | D:1      | HP: 1/23 [hobgoblin (2)]
  1248 | D:1      | HP: 7/23 [quokka (1)]
  1632 | D:1      | Reached XP level 3. HP: 11/28 MP: 4/4
  1873 | D:1      | Reached skill level 1 in Maces & Flails
  2410 | D:2      | Noticed Jessica
  2418 | D:2      | HP: 4/28 [Jessica/nerve-wracking pain (11)]
  2749 | D:3      | Learned a level 2 spell: Scorch
  2854 | D:2      | HP: 9/28 [worm (7)]
  3089 | D:2      | Killed Jessica
  3090 | D:2      | Gained mutation: Spells you cast may paralyse adjacent
                  | enemies. [demonic ancestry]
  3090 | D:2      | Reached XP level 4. HP: 17/34 MP: 5/5
  3257 | D:2      | Learned a level 1 spell: Animate Skeleton
  3338 | D:2      | Found the ring of Shadows {Umbra +Inv Stlth+}
  4837 | D:3      | Found a transporter.
  4838 | D:3      | Noticed Darkkill's ghost (amateur VSCj)
  4839 | D:3      | Identified the +9 dire flail "Anneonge" {drain, rElec rPois
                  | rC+}
  4839 | D:3      | Noticed an ogre
  4841 | D:3      | Found a transporter.
  5082 | D:4      | Reached skill level 1 in Short Blades
  5135 | D:4      | Identified the +1 robe of the Evening Star {rF++ rCorr
                  | SInv}
  5165 | D:4      | Reached XP level 5. HP: 35/39 MP: 6/8
  5194 | D:4      | Found a shimmering blue altar of Sif Muna.
  5203 | D:4      | Became a worshipper of Sif Muna the Loreminder
  5270 | D:4      | Found a stormy altar of Qazlal.
  5490 | D:4      | Noticed a sky beast
  5499 | D:4      | Killed a sky beast
  5500 | D:4      | Reached skill level 1 in Fire Magic
  5572 | D:4      | Gained mutation: You are mostly covered in slimy green
                  | scales. (AC +3) [demonic ancestry]
  5572 | D:4      | Reached XP level 6. HP: 46/46 MP: 4/9
  5797 | D:4      | HP: 13/41 [gnoll/+0 flail of draining (5)]
  6200 | D:4      | Noticed a sky beast
  6212 | D:4      | Killed a sky beast
  6416 | D:5      | Entered Level 5 of the Dungeon
  6433 | D:5      | Reached XP level 7. HP: 51/51 MP: 10/10
  6783 | D:5      | Found a radiant altar of Vehumet.
  6798 | D:5      | Reached skill level 1 in Stealth
  7278 | D:6      | Reached * piety under Sif Muna
  7348 | D:6      | Found a transporter.
  7430 | D:6      | Found a transporter.
  7450 | D:6      | Noticed SanguineChosen's ghost (amateur GrFi)
  7494 | D:6      | Noticed a manticore
  7507 | D:6      | HP: 12/51 [manticore (7)]
  7507 | D:6      | HP: 5/51 [manticore (2)]
  7510 | D:6      | HP: 2/51 [manticore (3)]
  7512 | D:6      | Mangled by a manticore

Illustrated notes

Levels and vault maps discovered:
D:1:      minmay_arrival_up_and_down, layout_basic, minmay_pentomino_o2
D:2:      layout_basic, dk_noncrumbling_2, minmay_misc_feat_tower,
          minmay_tree_intersection, uniq_jessica
D:3:      layout_basic, gammafunk_ghost_smash
D:4:      minmay_chambers_of_twos, layout_basic, led_sif_book,
          mainiacjoe_overflow_brackets
D:5:      layout_rooms, lemuel_tele_altar
D:6:      layout_basic, mainiacjoe_overflow_surrounded_room,
          chequers_temple_overflow_statue_of_worship, serial_glass,
          glass_columns_a, glass_columns_a, gammafunk_ghost_stat_death,
          pf_guarded_unrand_meek

Skill      XL: |  1  2  3  4  5  6  7 |
---------------+----------------------+-----
Fighting       | 2 |  2.6
Maces & Flails | 2 |  2.4
Short Blades   | 1 2 3 4 |  4.0
Spellcasting   | 2 |  2.4
Fire Magic     | 1 3 4 |  4.0
Stealth        | 2 |  2.0
Throwing       | |  1.8
Dodging        | |  1.8
Hexes          | |  3.0

Action                   |  1- 3 |  4- 6 |  7- 9 || total
-------------------------+-------+-------+-------++-------
Melee: Unarmed           |    34 |       |       ||    34
       Dagger            |    53 |   132 |    40 ||   225
       Punch             |     1 |     1 |       ||     2
       Whip              |    54 |       |       ||    54
Throw: Javelin           |    34 |       |       ||    34
       Throwing net      |     4 |       |       ||     4
 Cast: Slow              |     2 |     2 |       ||     4
       Scorch            |       |    17 |    22 ||    39
Evoke: Wand              |       |       |     7 ||     7
  Use: Potion            |       |       |     4 ||     4
 Stab: Sleeping          |       |     9 |     3 ||    12
       Paralysed         |       |    10 |     6 ||    16
Armor: Robe              |    43 |    34 |    12 ||    89
Dodge: Dodged            |   105 |    69 |    33 ||   207
